AoeStats
← Tz.zT

Arena

509730321Analyzed
4v4 RM · 4d ago on Sep 27, 2026· 59m 58s· 8 players
Game mode
Random Map
Map size
Large (8 player)
Population
200
Speed
Normal
Resources
Standard
Victory
Conquest
Starting age
Dark Age
Ending age
Imperial Age
RankedLock teamsTeams togetherTeam positionsShared explorationLock speedFull tech treeHidden civsTurbo modeCheats
Victory
Defeat
🇧🇷 Malay · Brazil
1388
+14
🇧🇷 Georgians · Brazil
1382
+14
🇧🇷 Bulgarians · Brazil
1320
+17
🇧🇷 Bohemians · Brazil
1276
+19
🇩🇪 Saxons · Germany
1375
-17
🇫🇮 Bengalis · Finland
1366
-17
🇩🇪 Vietnamese · Germany
1329
-16
🇨🇳 Bohemians · China
1304
-14
Lord BELO
11:04 Feudal Age
14:31 Castle Age
13:29 Double-Bit Axe
13:36 Stone Mining
14:09 Loom
14:59 Horse Collar
15:32 Bow Saw
21:26 Fletching
27:59 Wheelbarrow
28:45 Gold Mining
33:24 Imperial Age
31:11 Town Watch
32:05 Scale Barding Armor
31:56 Bodkin Arrow
32:12 Forging
32:51 Svan Towers
34:17 Ballistics
33:47 Guard Tower
33:38 Treadmill Crane
33:54 Murder Holes
34:21 Arrowslits
35:36 Chemistry
34:49 Bracer
36:03 Bloodlines
35:54 Husbandry
37:33 Masonry
38:02 Light Cavalry
39:47 Treadmill Crane
42:02 Hussar
43:04 Chain Barding Armor
48:23 Plate Barding Armor
Tesla_G
11:02 Feudal Age
14:47 Castle Age
14:28 Horse Collar
14:38 Double-Bit Axe
16:54 Fervor
17:06 Fervor
18:32 Loom
23:40 Wheelbarrow
23:35 Heavy Plow
29:02 Imperial Age
27:07 Hand Cart
29:39 Ballistics
30:20 Chemistry
30:12 Siege Engineers
29:56 Elite Skirmisher
30:28 Fletching
30:39 Padded Archer Armor
30:05 Pikeman
30:45 Squires
31:56 Masonry
33:26 Leather Archer Armor
33:07 Bodkin Arrow
35:01 Ring Archer Armor
35:39 Architecture
35:33 Ballistics
35:44 Conscription
36:38 Hussite Reforms
36:46 Wagenburg Tactics
36:15 Houfnice
41:14 Bow Saw
47:05 Bracer
48:18 Two-Man Saw
Caga Mole
10:25 Feudal Age
12:02 Loom
14:40 Castle Age
13:04 Double-Bit Axe
14:01 Scale Mail Armor
15:56 Chain Mail Armor
19:48 Forging
21:50 Iron Casting
22:17 Squires
32:16 Wheelbarrow
33:09 Scale Barding Armor
34:07 Hand Cart
33:38 Town Watch
33:40 Light Cavalry
34:33 Horse Collar
35:11 Bow Saw
35:16 Husbandry
35:31 Bloodlines
35:53 Town Watch
36:34 Chain Barding Armor
37:07 Gold Mining
37:07 Stone Mining
37:29 Heavy Plow
41:25 Imperial Age
39:16 Stirrups
39:16 Stone Mining
40:05 Gold Shaft Mining
42:19 Coinage
41:36 Hussar
42:58 Plate Barding Armor
43:25 Blast Furnace
42:51 Capped Ram
44:12 Siege Ram
46:23 Heavy Scorpion
48:31 Fletching
50:31 Caravan
51:01 Banking
54:06 Crop Rotation
55:46 Ballistics
56:26 Chemistry
56:48 Plate Mail Armor
56:41 Arson
58:34 Gambesons
AXEL2904
7:15 Loom
11:30 Feudal Age
13:09 Loom
13:20 Double-Bit Axe
16:11 Castle Age
14:22 Horse Collar
15:46 Town Watch
17:14 Gold Mining
19:11 Bow Saw
21:18 Heavy Plow
27:30 Wheelbarrow
27:45 Forging
27:56 Stone Mining
28:41 Gold Shaft Mining
28:59 Hand Cart
32:45 Imperial Age
34:38 Conscription
34:27 Forced Levy
34:46 Husbandry
34:17 Man-at-Arms
35:29 Squires
35:16 Elite Battle Elephant
36:03 Scale Barding Armor
36:33 Iron Casting
36:49 Stone Shaft Mining
35:56 Long Swordsman
37:41 Crop Rotation
38:54 Chemistry
39:44 Blast Furnace
38:37 Fletching
39:07 Two-Handed Swordsman
43:03 Siege Engineers
43:27 Onager
44:29 Arson
44:47 Pikeman
45:44 Halberdier
47:54 Masonry
47:24 Treadmill Crane
48:06 Ballistics
47:49 Bodkin Arrow
47:54 Padded Archer Armor
48:17 Bracer
49:25 Leather Archer Armor
50:53 Ring Archer Armor
52:57 Light Cavalry
60:26 Murder Holes
danntheman
11:07 Feudal Age
15:56 Castle Age
14:11 Double-Bit Axe
14:51 Stone Mining
16:30 Gold Mining
17:20 Wheelbarrow
17:04 Horse Collar
18:56 Fletching
19:32 Bow Saw
19:34 Heavy Plow
22:39 Bodkin Arrow
23:11 Loom
31:51 Hand Cart
41:08 Imperial Age
41:22 Scale Barding Armor
41:52 Forging
41:34 Elite Battle Elephant
42:45 Husbandry
44:12 Two-Man Saw
43:32 Town Watch
44:01 Bloodlines
44:30 Chatras
45:15 Chain Barding Armor
46:30 Iron Casting
46:43 Paper Money
48:04 Plate Barding Armor
48:37 Stone Shaft Mining
49:02 Padded Archer Armor
50:07 Chemistry
48:53 Elite Skirmisher
49:39 Thumb Ring
50:38 Bracer
50:02 Imperial Skirmisher
51:58 Ballistics
52:52 Hoardings
54:26 Leather Archer Armor
55:33 Crop Rotation
Flash
9:04 Feudal Age
13:28 Castle Age
12:07 Double-Bit Axe
14:04 Loom
29:40 Wheelbarrow
28:48 Horse Collar
29:44 Bow Saw
34:44 Imperial Age
33:14 Gold Mining
34:52 Fletching
35:58 Masonry
36:22 Bodkin Arrow
37:29 Chemistry
37:53 Bracer
37:54 Padded Archer Armor
38:15 Ballistics
40:36 Leather Archer Armor
40:32 Bloodlines
40:46 Hand Cart
42:10 Ring Archer Armor
43:00 Husbandry
42:29 Elite Elephant Archer
44:22 Scale Barding Armor
43:39 Light Cavalry
48:41 Elite Skirmisher
50:46 Forging
Tz.zT
10:51 Feudal Age
14:49 Castle Age
12:37 Double-Bit Axe
12:34 Horse Collar
16:17 Bow Saw
16:09 Heavy Plow
24:07 Fervor
26:22 Loom
27:12 Wheelbarrow
26:23 Town Watch
30:16 Imperial Age
30:26 Imperial Age
29:06 Chemistry
28:27 Ballistics
29:15 Hand Cart
29:05 Padded Archer Armor
28:57 Fletching
31:03 Leather Archer Armor
30:44 Bodkin Arrow
34:36 Wagenburg Tactics
34:51 Conscription
35:39 Ring Archer Armor
35:42 Siege Engineers
36:39 Houfnice
37:13 Elite Skirmisher
40:10 Guilds
41:25 Imperial Skirmisher
45:02 Pikeman
45:42 Squires
45:31 Halberdier
47:49 Two-Man Saw
47:22 Scale Mail Armor
47:32 Forging
47:23 Bracer
49:12 Chain Mail Armor
49:32 Iron Casting
w h i z.
7:11 Loom
10:32 Feudal Age
11:56 Town Watch
14:38 Castle Age
12:47 Horse Collar
12:53 Double-Bit Axe
15:41 Bow Saw
16:03 Heavy Plow
19:58 Gold Mining
21:50 Wheelbarrow
22:27 Fletching
23:43 Bodkin Arrow
25:24 Padded Archer Armor
25:31 Thumb Ring
26:57 Bloodlines
26:48 Husbandry
28:09 Ballistics
30:00 Coinage
31:20 Hand Cart
33:37 Imperial Age
32:20 Leather Archer Armor
32:06 Scale Mail Armor
32:17 Forging
31:51 Treadmill Crane
34:44 Conscription
35:33 Chemistry
34:35 Bracer
34:05 Heavy Mounted Crossbowman
34:06 Cranequins
34:59 Cranequins
36:57 Two-Man Saw
38:37 Ring Archer Armor
38:17 Siege Engineers
39:42 Banking
42:10 Chain Mail Armor
42:16 Pikeman
42:56 Squires
45:07 Plate Mail Armor
45:17 Halberdier
47:34 Iron Casting
54:57 Guilds
55:07 Shield Wall
Connection lost

Rejoining the realm…

Still unreachable

The connection could not be restored.

Session expired

The server has moved on; the page needs a fresh start.